Map: Data-C

Players

Dolan

  • Race: Terran Terran
  • Spawn Location: 3:00

Maplez - Winner!

  • Race: Protoss Protoss
  • Spawn Location: 9:00

Event: DreamHack SC2 Masters 2022 Atlanta (Offline)

VOD

Have the link to the VOD?

Description

Time

  • Played on: Nov. 18, 2022, 3:07 p.m.
  • Length: 9:43

All games in this series

Show
View Real Time Build Order
Export as new Build Order

Dolan Terran 

Build Orders:  

Get SALT Encoding   

  12  0:00  SCV  
  13  0:12  SCV  
  14  0:16  Supply Depot  
  14  0:24  SCV  
  15  0:38  SCV  
  15  0:40  Barracks  
  16  0:43  Refinery  
  16  0:50  SCV  
  16  0:52  Refinery  
  17  1:02  SCV  
  18  1:12  Supply Depot  
  18  1:14  SCV  
  19  1:27  Reaper  
  19  1:28  Orbital Command  
  19  1:42  Factory  
  19  1:54  SCV  
  20  2:02  Reaper  
  20  2:06  SCV  
  22  2:20  SCV  
  23  2:26  Command Center  
  23  2:33  Hellion  
  23  2:35  SCV  
  25  2:38  Barracks Reactor  
  25  2:45  Starport  
  25  2:48  SCV  
  26  2:54  Factory Tech Lab  
  26  3:00  SCV  
  27  3:12  SCV  
  28  3:13  Cyclone  
  28  3:17  Supply Depot  
  31  3:26  Marine  
  31  3:32  Marine  
  31  3:34  SCV  
  31  3:37  Medivac  
  33  3:44  Marine  
  33  3:46  SCV  
  35  3:49  Marine  
  35  3:52  Factory Tech Lab  
  36  3:57  Orbital Command  
  36  3:58  SCV  
  37  4:07  Supply Depot  
  37  4:12  SCV  
  35  4:24  Marine x2  
  35  4:25  Banshee, Cloaking Field  
  35  4:27  Cyclone  
  35  4:30  SCV  
  45  4:31  SCV  
  45  4:42  SCV, Marine x2  
  45  4:43  SCV  
  47  5:02  SCV x2  
  47  5:06  Barracks  
  48  5:11  Barracks, Banshee  
  47  5:14  SCV x2  
  44  5:26  SCV x2, Siege Tank  
  45  5:36  Marine x2  
  45  5:38  SCV x2  
  45  5:41  Engineering Bay  
  49  5:50  SCV  
  49  5:51  SCV  
  49  5:54  Marine x2  
  53  6:03  SCV x2  
  55  6:05  Refinery  
  47  6:15  Factory Tech Lab  
  46  6:22  SCV x2  
  46  6:23  Marine x2  
  46  6:24  Barracks Tech Lab, Terran Infantry Weapons Level 1  
  50  6:27  Command Center, Siege Tank, Marauder  
  50  6:31  Refinery  
  55  6:34  SCV x2  
  55  6:39  Starport Reactor  
  57  6:45  Supply Depot  
  57  6:46  Supply Depot, SCV x2, Marauder, Marine  
  61  6:51  Bunker  
  62  6:54  Supply Depot  
  62  6:58  Marine  
  61  7:01  Hellion  
  61  7:06  Marauder, Marine  
  61  7:08  Marauder  
  62  7:16  Marine  
  62  7:20  SCV x2  
  63  7:32  SCV x2  
  61  7:37  Barracks Tech Lab  
  61  7:38  Marauder, Marine x2  
  61  7:43  Orbital Command  
  62  7:47  SCV x2  
  62  7:49  Barracks x2  
  64  7:54  Siege Tank, Starport Reactor  
  64  7:57  Combat Shield  
  64  7:59  SCV x2  
  66  8:06  Marauder x2, Marine  
  66  8:08  Marine  
  72  8:13  SCV x3  
  75  8:25  SCV  
  75  8:26  Siege Tank  
  76  8:39  Marine x4  
  64  8:55  Medivac  
  64  8:56  Medivac, Marine  
  64  8:57  Marauder x2, Marine  
  64  8:58  Siege Tank  
  64  9:00  SCV x2  
  79  9:05  Barracks Reactor, Barracks Tech Lab  
  80  9:10  SCV  
  80  9:12  SCV x2  
  81  9:25  Barracks Reactor  
  81  9:27  SCV  
  81  9:28  SCV x2  
Show
View Real Time Build Order
Export as new Build Order

Maplez Protoss - Winner!

Build Orders: 1 Gate Expand, Oracle Opening 

Get SALT Encoding   

  12  0:00  Probe  
  13  0:12  Probe  
  14  0:17  Pylon  
  14  0:24  Probe (Chrono Boost)  
  16  0:37  Probe (Chrono Boost)  
  16  0:39  Gateway  
  16  0:42  Probe (Chrono Boost)  
  16  0:47  Assimilator  
  17  0:51  Probe  
  18  1:03  Probe  
  19  1:15  Probe  
  20  1:26  Cybernetics Core  
  23  1:35  Nexus  
  20  1:42  Pylon  
  20  1:47  Probe  
  20  1:53  Assimilator  
  21  1:59  Probe  
  21  2:00  Adept (Chrono Boost)  
  24  2:11  Probe  
  25  2:17  Stargate  
  25  2:24  Probe  
  25  2:29  Adept (Chrono Boost)  
  26  2:32  Warp Gate  
  26  2:36  Probe  
  29  2:48  Probe (Chrono Boost)  
  31  2:52  Adept  
  31  2:54  Probe (Chrono Boost)  
  31  2:57  Probe (Chrono Boost)  
  34  3:01  Probe (Chrono Boost)  
  34  3:02  Oracle (Chrono Boost), Probe (Chrono Boost)  
  39  3:11  Pylon  
  39  3:12  Probe  
  40  3:14  Probe  
  41  3:24  Probe  
  41  3:26  Probe  
  42  3:35  Twilight Council  
  42  3:36  Probe  
  42  3:38  Gateway, Probe  
  44  3:44  Gateway  
  44  3:48  Probe  
  44  3:50  Probe, Pylon  
  44  3:54  Shield Battery  
  46  3:59  Assimilator  
  46  4:00  Probe  
  47  4:03  Probe  
  48  4:11  Pylon  
  48  4:12  Probe  
  48  4:15  Probe, Blink (Chrono Boost)  
  50  4:22  Stalker  
  52  4:25  Probe  
  52  4:27  Probe  
  54  4:33  Nexus  
  54  4:38  Stalker  
  56  4:45  Stalker x2  
  60  4:53  Probe  
  60  4:57  Probe  
  62  5:02  Stalker  
  62  5:05  Probe, Pylon  
  65  5:09  Probe  
  65  5:12  Stalker x2  
  68  5:17  Probe  
  66  5:21  Probe  
  66  5:28  Pylon  
  64  5:29  Probe  
  64  5:33  Probe  
  64  5:34  Robotics Facility, Forge  
  66  5:38  Stalker  
  66  5:40  Stalker  
  66  5:41  Probe  
  68  5:45  Probe  
  68  5:48  Probe  
  70  5:52  Shield Battery  
  70  5:53  Charge (Chrono Boost), Probe  
  70  5:54  Oracle (Chrono Boost)  
  71  5:57  Probe  
  71  6:00  Probe, Stalker  
  78  6:05  Probe  
  78  6:09  Probe  
  78  6:10  Stalker x2  
  84  6:12  Probe  
  84  6:16  Protoss Ground Weapons Level 1 (Chrono Boost)  
  84  6:17  Probe  
  84  6:21  Probe  
  84  6:22  Gateway  
  85  6:30  Observer (Chrono Boost)  
  85  6:31  Gateway  
  87  6:33  Gateway x2  
  87  6:38  Pylon  
  89  6:44  Photon Cannon  
  86  6:47  Photon Cannon  
  86  6:48  Immortal (Chrono Boost)  
  86  6:52  Photon Cannon, Pylon  
  90  7:05  Stalker x3  
  96  7:20  Pylon x2  
  92  7:23  Probe  
  92  7:26  Observer (Chrono Boost)  
  92  7:28  Probe  
  93  7:30  Stalker x4  
  94  7:48  Stalker x2  
  94  7:49  Probe, Stalker  
  94  7:51  Probe, Pylon  
  101  7:55  Zealot x2  
  101  7:56  Zealot x2  
  109  8:02  Nexus, Immortal (Chrono Boost)  
  113  8:06  Pylon  
  113  8:13  Assimilator  
  113  8:14  Assimilator  
  113  8:15  Pylon  
  113  8:17  Zealot x6  
  125  8:23  Pylon  
  125  8:24  Pylon  
  125  8:30  Zealot  
  121  8:41  Templar Archives, Pylon  
  119  8:51  Zealot x3, Warp Prism (Chrono Boost)  
  119  8:52  Zealot x4  
  127  9:05  Pylon  
  127  9:07  Pylon  
  127  9:12  Zealot x2  
  127  9:13  Zealot x2  
  129  9:27  Zealot x3  
  135  9:38  Forge, Pylon  
Tags
 
Add a new tag
Caveats
  • Supply blocks, unpowered buildings, or Contaminate may cause inaccurate times.
  • Supply counts are checked every 10 seconds.